 Dungeon Crawl Stone Soup version 0.29.1-1-gd02db6906a (webtiles) character file.

Game seed: 233146398916502438

317 MisterFreud the Twirler (level 6, 0/46 (47) HPs)
             Began as a Formicid Gladiator on Oct 11, 2022.
             Slain by a gnoll bouda
             ... wielding a +0 whip
              (7 damage)
             ... on level 4 of the Dungeon.
             The game lasted 00:03:32 (3500 turns).

MisterFreud the Twirler (Formicid Gladiator)        Turns: 3500, Time: 00:03:33

HP:   0/46 (47)     AC:  7    Str: 21    XL:     6   Next: 73%
MP:   6/6           EV:  6    Int:  7    God:
Gold: 137           SH:  0    Dex: 15    Spells: 5/5 levels left

rFire   . . .      SeeInvis +   a - +1 quarterstaff (spect)
rCold   + . .      Faith    .   (no shield)
rNeg    . . .      Spirit   .   o - +1 ring mail {rC+}
rPois   .          Reflect  .   (helmet unavailable)
rElec   .          Harm     .   f - +0 cloak
rCorr   .          Rampage  .   (no gloves)
Will    .....                   (no boots)
Stlth   +.........              (no amulet)
HPRegen 0.15/turn               (no ring)
MPRegen 0.10/turn               (no ring)

@: held, lightly drained
A: permanent stasis, dig shafts and tunnels, antennae 3, four strong arms
a: Dig, Shaft Self


You were on level 4 of the Dungeon.
You visited 1 branch of the dungeon, and saw 4 of its levels.

You collected 137 gold pieces.

Inventory:

Hand Weapons
 a - a +1 spectral quarterstaff (weapon)
 l - a +0 vorpal quarterstaff
Missiles
 c - 3 throwing nets (quivered)
 d - a javelin
 h - 3 silver javelins
 j - 3 curare-tipped darts
 q - 3 datura-tipped darts
 r - 5 poisoned darts
Armour
 b - a +0 leather armour
 f - a +0 cloak (worn)
 o - a +1 ring mail of cold resistance (worn)
Wands
 n - a wand of roots (17)
Scrolls
 s - a scroll of butterflies
Potions
 e - a potion of magic
 g - 2 potions of curing
 i - a potion of lignification
 k - a potion of flight {unknown}
 m - a potion of invisibility
 p - a potion of brilliance {unknown}


   Skills:
 + Level 3.5 Fighting
 - Level 6.0 Staves
 - Level 2.0 Throwing
 + Level 2.5 Armour
 - Level 2.6 Dodging


You had 5 spell levels left.
You didn't know any spells.
Your spell library was empty.

Dungeon Overview and Level Annotations

Branches:
Dungeon (4/15)
 Temple: D:4-7

Altars:


Innate Abilities, Weirdness & Mutations

You cannot be hasted, slowed, berserked, paralysed or teleported.
You can dig through walls and to a lower floor.
You have a pair of large antennae on your head. (SInv)
Your four strong arms can wield two-handed weapons with a shield.


Message History

The gnoll bouda barks out a call to the hunt!
The gnolls pick up the pace!
You see here a throwing net.
You struggle against the net.
The gnoll hits you from afar with a +0 halberd!
* * * LOW HITPOINT WARNING * * *
Unknown command.
You struggle against the net.
The gnoll hits you from afar with a +0 spear.
* * * LOW HITPOINT WARNING * * *
The gnoll hits you from afar with a +0 halberd.
* * * LOW HITPOINT WARNING * * *
Unknown command.
You feel better.
The gnoll hits you from afar with a +0 spear.
* * * LOW HITPOINT WARNING * * *
The gnoll barely misses you.
Something unseen opens the door.
You struggle against the net.
The gnoll hits you with a +4 spear.
* * * LOW HITPOINT WARNING * * *
The gnoll hits you from afar with a +0 spear.
* * * LOW HITPOINT WARNING * * *
The gnoll hits you from afar with a +0 halberd.
* * * LOW HITPOINT WARNING * * *
Unknown command.
You feel better. The gnoll hits you with a +4 spear.
* * * LOW HITPOINT WARNING * * *
The gnoll hits you from afar with a +0 spear.
* * * LOW HITPOINT WARNING * * *
The gnoll closely misses you.
The gnoll bouda hits you with a +0 whip.
* * * LOW HITPOINT WARNING * * *
Okay, then.
You feel better. The gnoll hits you with a +4 spear.
* * * LOW HITPOINT WARNING * * *
The quokka bites you.
* * * LOW HITPOINT WARNING * * *
The gnoll hits you from afar with a +0 spear.
* * * LOW HITPOINT WARNING * * *
The gnoll bouda hits you with a +0 whip!
You die...

..# #.###
####+#...###
#...........
#........##..#
####.............
.......<..#
.########.##
#g@..+ #g#r##
#gg{g..# #......#
.......#
......###
##.#.##. #.#.# ..
#.#.# ...


You could see a gnoll bouda, 4 gnolls and a quokka.

Vanquished Creatures
  A jelly (D:2)
  Terence (D:2)
  Natasha (thrice) (D:3)
  A gnoll (D:4)
  9 adders
  A worm (D:3)
  2 dart slugs
  3 orcs (D:3)
  13 ball pythons
  8 bats
  5 endoplasms
  2 giant cockroaches (D:2)
  6 hobgoblins
  5 kobolds
  4 quokkas
  7 frilled lizards
  11 goblins
  7 rats
89 creatures vanquished.

Notes
Turn   | Place    | Note
-------+----------+-------------------------------------------
     0 | D:1      | MisterFreud the Formicid Gladiator began the quest for the
                  | Orb.
     0 | D:1      | Reached XP level 1. HP: 16/16 MP: 1/1
   382 | D:1      | Reached XP level 2. HP: 22/22 MP: 2/2
  1216 | D:2      | Reached skill level 4 in Staves
  1216 | D:2      | Reached XP level 3. HP: 27/27 MP: 3/3
  1664 | D:2      | Found a faded altar of an unknown god.
  1694 | D:2      | Reached XP level 4. HP: 33/33 MP: 4/4
  1829 | D:2      | Noticed Terence
  1832 | D:2      | Reached skill level 5 in Staves
  1835 | D:2      | Killed Terence
  1836 | D:2      | Reached XP level 5. HP: 25/38 MP: 5/5
  2608 | D:2      | Reached skill level 6 in Staves
  2833 | D:2      | Reached XP level 6. HP: 46/46 MP: 6/6
  2930 | D:3      | Noticed Natasha
  2938 | D:3      | Killed Natasha
  2939 | D:3      | Reached skill level 1 in Armour
  3109 | D:3      | Noticed Natasha
  3113 | D:3      | Killed Natasha
  3170 | D:3      | Noticed Natasha
  3174 | D:3      | Killed Natasha
  3498 | D:4      | HP: 1/46 [gnoll/+0 halberd[a gnoll bouda] (2)]
  3500 | D:4      | Slain by a gnoll bouda

Illustrated notes

Levels and vault maps discovered:
D:1:      dpeg_arrival_stone_temple_mockup, layout_basic
D:2:      minmay_razor_zed, layout_basic, basic_ecumenical_altar,
          reono_crystal_passage, minmay_snake_closets, uniq_terence
D:3:      wander_river, layout_rooms, minmay_goblin_outpost, uniq_natasha
D:4:      layout_basic, minmay_close_crescents

Skill      XL: |  1  2  3  4  5  6 |
---------------+-------------------+-----
Staves         | 4 5 6 |  6.0
Armour         | 2 |  2.5
Fighting       | 3 |  3.5
Throwing       | |  2.0
Dodging        | |  2.6

Action                   |  1- 3 |  4- 6 || total
-------------------------+-------+-------++-------
Melee: Quarterstaff      |    62 |    88 ||   150
  Use: Scroll            |     4 |     8 ||    12
       Potion            |       |     3 ||     3
Armor: Leather armour    |    18 |     9 ||    27
       Ring mail         |       |    28 ||    28
Dodge: Dodged            |    38 |    53 ||    91
